 Dungeon Crawl Stone Soup version 0.28.0-53-g5a82cb258f (webtiles) character file.

Game seed: 5389590010487766201

2228 rabbi the Thaumaturge (level 9, -9/45 HPs)
             Began as a Deep Elf Hedge Wizard on June 28, 2022.
             Was a Follower of Sif Muna.
             Shot with an arrow by a centaur (13 damage)
             ... on level 7 of the Dungeon.
             The game lasted 01:21:02 (10914 turns).

rabbi the Thaumaturge (Deep Elf Hedge Wizard)      Turns: 10914, Time: 01:21:03

Health: -9/45      AC:  6    Str:  7    XL:     9   Next: 14%
Magic:  17/23      EV: 13    Int: 30    God:    Sif Muna [*.....]
Gold:   281        SH:  0    Dex: 18    Spells: 4/24 levels left

rFire   . . .      SeeInvis +   z - +11 mace "Xifaomiu" {flame, Int+6 Dex+4 SInv}
rCold   . . .      Faith    .   (no shield)
rNeg    . . .      Spirit   .   b - +0 robe
rPois   .          Reflect  .   c - +1 hat
rElec   .          Harm     .   m - +2 cloak
rCorr   .          Rampage  .   (no gloves)
Will    .....                   (no boots)
Stlth   ++........              (no amulet)
HPRegen 0.15/turn               (no ring)
MPRegen 0.18/turn               (no ring)

@: no status effects
A: no striking features
a: Renounce Religion, Channel Magic


You were on level 7 of the Dungeon.
You worshipped Sif Muna.
Sif Muna was aware of your devotion.
You visited 2 branches of the dungeon, and saw 8 of its levels.

You collected 281 gold pieces.

Inventory:

Hand Weapons
 o - a +0 dagger of speed
 z - the +11 mace "Xifaomiu" (weapon) {flame, Int+6 Dex+4 SInv}
   (You found it on level 6 of the Dungeon)

   It burns those it strikes, dealing additional fire damage.
   Int:       It affects your intelligence (+6).
   Dex:       It affects your dexterity (+4).
   SInv:      It lets you see invisible.
Missiles
 x - 3 atropa-tipped darts
Armour
 b - a +0 robe (worn)
 c - a +1 hat (worn)
 m - a +2 cloak (worn)
 q - an orb of energy
Magical Staves
 a - a staff of air
Jewellery
 e - an amulet of guardian spirit
 j - a ring of fire
Wands
 s - a wand of polymorph (17)
 y - a wand of digging (6)
Scrolls
 d - a scroll of fog
 h - a scroll of fear
 l - 3 scrolls of amnesia
 n - a scroll of enchant armour
 p - a scroll of blinking
 r - a scroll of teleportation {unknown}
 u - a scroll of torment {unknown}
 v - 3 scrolls of immolation {unknown}
Potions
 f - 2 potions of brilliance
 g - 2 potions of curing
 i - a potion of resistance {unknown}
 t - 3 potions of mutation
 w - a potion of degeneration {unknown}
 A - 2 potions of attraction {unknown}


   Skills:
 + Level 3.0 Dodging
 - Level 2.4 Stealth
 - Level 8.4 Spellcasting
 - Level 5.0 Conjurations
 - Level 5.0 Hexes
 + Level 3.3 Summonings
 + Level 3.4 Translocations
 + Level 3.3 Fire Magic
 - Level 5.0 Ice Magic
 + Level 3.4 Air Magic
 + Level 3.3 Poison Magic


You had 4 spell levels left.
You knew the following spells:

 Your Spells              Type           Power      Damage    Failure   Level
a - Magic Dart            Conj           100%       1d8       1%          1
b - Blink                 Tloc           66%        N/A       1%          2
c - Call Imp              Summ           32%        N/A       1%          2
d - Mephitic Cloud        Conj/Pois/Air  36%        N/A       2%          3
e - Conjure Flame         Conj/Fire      37%        6-21      2%          3
f - Metabolic Englaciati  Hex/Ice        21%        N/A       14%         5
g - Olgreb's Toxic Radia  Pois           33%        N/A       10%         4

Your spell library contained the following spells:

 Spells                   Type           Power      Damage    Failure   Level
 Apportation              Tloc           66%        N/A       1%          1
 Slow                     Hex            100%       N/A       1%          1
 Petrify                  Tmut/Erth      12%        N/A       38%         4
 Alistair's Intoxication  Tmut/Pois      14%        N/A       50%         5
 Statue Form              Tmut/Erth      8%         N/A       99%         6
 Ozocubu's Refrigeration  Ice            21%        4d9       99%         7
 Ignition                 Fire           16%        3d6       100%        8


Dungeon Overview and Level Annotations

Branches:
Dungeon (7/15)             Temple (1/1) D:4

Altars:
Ashenzari
Cheibriados
Dithmenos
Elyvilon
Fedhas
Gozag
Hepliaklqana
Kikubaaqudgha
Makhleb
Nemelex Xobeh
Okawaru
Qazlal
Ru
Sif Muna
Trog
Uskayaw
Vehumet
Wu Jian
Xom
Yredelemnul
Zin
The Shining One

Annotations:
D:7 1 transporter


Message History

Aim: a centaur, wielding a +0 shortbow and quivering arrows (100% to hit)
The magic dart hits the centaur.
The centaur is moderately wounded.
The centaur shoots an arrow.
The arrow hits you.
The centaur shoots an arrow.
The arrow hits you.
Aiming: Magic Dart (safe; 1% risk of failure)
Press: ? - help, Q - select action, (/) - cycle Shift-Dir - straight line, f/p - centaur
Aim: a centaur, wielding a +0 shortbow and quivering arrows (moderately wounded, 100% to hit)
The magic dart hits the centaur.
The centaur is moderately wounded.
Aiming: Magic Dart (safe; 1% risk of failure)
Press: ? - help, Q - select action, (/) - cycle Shift-Dir - straight line, f/p - centaur
Aim: a centaur, wielding a +0 shortbow and quivering arrows (moderately wounded, 100% to hit)
The magic dart hits the centaur but does no damage.
The centaur is moderately wounded.
The centaur shoots an arrow.
The arrow hits you.
The centaur shoots an arrow.
The arrow hits you!
Casting: Magic Dart (safe; 1% risk of failure)
Confirm with . or Enter, or press ? or * to list all spells.
A beastly little devil appears in a puff of flame.
The centaur shoots an arrow.
The arrow closely misses you.
Aiming: Magic Dart (safe; 1% risk of failure)
Press: ? - help, Q - select action, (/) - cycle Shift-Dir - straight line, f/p - centaur
Aim: a centaur, wielding a +0 shortbow and quivering arrows (moderately wounded, ally target, 100% to hit)
The magic dart hits the centaur but does no damage.
The centaur is moderately wounded.
The centaur shoots an arrow.
The arrow hits you!
Your crimson imp blinks!
The centaur shoots an arrow.
The arrow hits you.
The centaur shoots an arrow.
The arrow hits you!
* * * LOW HITPOINT WARNING * * *
The centaur shoots an arrow.
The arrow barely misses you.
As you read the scroll of fog, it crumbles to dust.
The scroll dissolves into smoke.
The centaur shoots an arrow.
The arrow closely misses you.
As you read the scroll of fog, it crumbles to dust.
The scroll dissolves into smoke.
There is a stone staircase leading up here.
The centaur shoots an arrow.
The arrow hits you!
You die...

##.....# #..§#######
######.# #.§§§§....# #
####.#######)§§#####.# #
#...........§5§§.§.#.#
###.#.).....[..c.§§.....
...[...##....[§§§§...#.#
###.#.###.####§c§#####.#
# #.#.# #.# #§§§§§....#
# #.... ..# #§§@#######
# ###.##### #.§§# #.#
####§### #.# #...[..# .
..# #.##.#.# ## #.#..#.#
##.#.##.# ## #......<#
..#.##.##.####


You could see a centaur.

Vanquished Creatures
  A water moccasin (D:6)
  An ice beast (D:7)
  A black bear (D:6)
  A necrophage (D:5)
  2 ogres (D:5)
  A phantom (D:6)
  Blork the orc (D:6)
  2 bullfrogs (D:7)
  A gnoll sergeant (D:5)
  2 scorpions
  4 killer bees (D:5)
  3 wights (D:7)
  3 hounds
  3 orc priests
  An iguana (D:4)
  4 orc wizards
  A killer bee zombie (D:6)
  7 gnolls
  2 adders
  2 river rats (D:5)
  A shadow imp (D:5)
  2 white imps (D:6)
  An ufetubus (D:5)
  2 worms
  2 dart slugs
  22 orcs
  8 endoplasms
  3 giant cockroaches
  9 goblins
  4 hobgoblins
  10 jackals
  7 quokkas
  6 ball pythons
  6 bats
  7 frilled lizards
  3 kobolds
  6 rats
142 creatures vanquished.

Vanquished Creatures (collateral kills)
  A water moccasin (D:6)
  An ogre (D:5)
  A scorpion (D:5)
  A killer bee (D:5)
  A hound (D:6)
  An orc priest (D:4)
  An orc wizard (D:6)
  2 orcs
  2 jackals (D:4)
11 creatures vanquished.

Grand Total: 153 creatures vanquished

Notes
Turn   | Place    | Note
-------+----------+-------------------------------------------
     0 | D:1      | rabbi the Deep Elf Hedge Wizard began the quest for the
                  | Orb.
     0 | D:1      | Reached XP level 1. HP: 10/10 MP: 7/7
   487 | D:1      | Reached XP level 2. HP: 15/15 MP: 5/9
   791 | D:1      | Learned a level 2 spell: Blink
   794 | D:1      | Learned a level 2 spell: Call Imp
  1367 | D:2      | Reached XP level 3. HP: 18/19 MP: 5/10
  1409 | D:2      | Learned a level 3 spell: Mephitic Cloud
  1424 | D:2      | Found a faded altar of an unknown god.
  1773 | D:2      | Reached XP level 4. HP: 24/24 MP: 10/12
  2660 | D:3      | Reached skill level 5 in Spellcasting
  2907 | D:3      | Reached XP level 5. HP: 28/28 MP: 6/14
  3330 | D:4      | Reached skill level 5 in Conjurations
  3337 | D:4      | Reached skill level 6 in Spellcasting
  3795 | D:4      | Learned a level 3 spell: Conjure Flame
  3819 | D:4      | Found a staircase to the Ecumenical Temple.
  3829 | Temple   | Entered the Ecumenical Temple
  4061 | Temple   | Became a worshipper of Sif Muna the Loreminder
  4137 | D:4      | Found an opulent altar of Gozag.
  4140 | D:4      | Found a burning altar of Makhleb.
  4275 | D:4      | Reached XP level 6. HP: 32/32 MP: 9/17
  4505 | D:4      | Reached skill level 7 in Spellcasting
  4774 | D:4      | Reached skill level 1 in Air Magic
  4774 | D:4      | Reached skill level 1 in Poison Magic
  5400 | D:5      | Entered Level 5 of the Dungeon
  5421 | D:5      | Reached XP level 7. HP: 33/36 MP: 1/19
  6226 | D:4      | Found a staircase to the Ecumenical Temple.
  7018 | D:5      | Learned a level 5 spell: Metabolic Englaciation
  7230 | D:5      | Reached skill level 1 in Hexes
  7230 | D:5      | Reached skill level 1 in Ice Magic
  7230 | D:5      | Reached XP level 8. HP: 41/41 MP: 10/20
  8052 | D:5      | Found a sparkling altar of Nemelex Xobeh.
  8695 | D:6      | Noticed Blork the orc
  8716 | D:6      | Killed Blork the orc
  8804 | D:6      | Reached skill level 5 in Hexes
  8972 | D:6      | Reached * piety under Sif Muna
  8973 | D:6      | Reached skill level 5 in Ice Magic
  9294 | D:6      | Reached skill level 8 in Spellcasting
  9320 | D:6      | Identified the +11 mace "Xifaomiu" {flame, Int+6 Dex+4
                  | SInv}
 10042 | D:7      | Reached XP level 9. HP: 45/45 MP: 7/23
 10812 | D:7      | Found a transporter.
 10818 | D:7      | Learned a level 4 spell: Olgreb's Toxic Radiance
 10914 | D:7      | Shot with an arrow by a centaur

Illustrated notes

Levels and vault maps discovered:
D:1:      lightli_arrival_farm, layout_basic, minivault_4,
          minmay_small_reverse_x
D:2:      layout_rooms, ebering_ecumenical_altar_rust
D:3:      layout_basic, kennysheep_generic_room_13
D:4:      layout_gridville, nicolae_overflow_squiral,
          minmay_temple_entry_antechambers,
          nicolae_ossuary_entry_false_entrances
D:5:      layout_gridville, nemelex_dance_club_becter, gup_sewer_entry_bubbles,
          lightli_minifort
D:6:      hellmonk_destroyed_diamonds, layout_rooms, minmay_misc_feat_hallway,
          kennysheep_generic_room_4, uniq_blork_the_orc
D:7:      gammafunk_cloud_chamber, layout_loops_cross, uniq_pikel
Temple:   mainiacjoe_temple_bowtie_tessellation

Skill      XL: |  1  2  3  4  5  6  7  8  9 |
---------------+----------------------------+-----
Conjurations   | 2 3 4 5 |  5.0
Spellcasting   | 5 6 7 8 |  8.4
Air Magic      | 2 3 |  3.4
Poison Magic   | 2 3 |  3.3
Fire Magic     | 3 |  3.3
Summonings     | 3 |  3.3
Translocations | 3 |  3.4
Hexes          | 1 5 |  5.0
Ice Magic      | 1 5 |  5.0
Dodging        | 3 |  3.0
Stealth        | |  2.4

Action                   |  1- 3 |  4- 6 |  7- 9 || total
-------------------------+-------+-------+-------++-------
Melee: Dagger            |    10 |       |       ||    10
       Mace              |       |       |     1 ||     1
 Cast: Magic Dart        |    80 |   157 |   247 ||   484
       Blink             |     2 |       |     6 ||     8
       Mephitic Cloud    |       |     8 |    12 ||    20
       Call Imp          |       |     8 |    24 ||    32
       Conjure Flame     |       |     4 |    29 ||    33
Evoke: Wand              |       |       |     1 ||     1
  Use: Scroll            |       |     4 |     8 ||    12
       Potion            |       |       |     3 ||     3
Armor: Robe              |     3 |     5 |    19 ||    27
Dodge: Dodged            |    23 |     9 |    42 ||    74
